Map: Orbital Shipyard

Players

Kelazhur - Winner!

  • Race: Terran Terran
  • League: Gold

Arthur

  • Race: Protoss Protoss
  • League: Diamond

Event: ASL Season 5 Prime League LOTV Beta

VOD

Have the link to the VOD?

Description

Time

  • Played on: Sept. 7, 2015, 9:08 p.m.
  • Length: 12:37

All games in this series

Show
View Real Time Build Order
Export as new Build Order

Kelazhur Terran - Winner!

Build Orders: Command Center First (CC), MMM Bio 

Get SALT Encoding   

  12  0:00  SCV  
  13  0:13  SCV  
  14  0:17  Supply Depot  
  14  0:25  SCV  
  15  0:39  SCV  
  16  0:51  SCV  
  17  0:59  Command Center  
  17  1:03  SCV  
  18  1:14  Barracks  
  18  1:17  SCV  
  19  1:27  Barracks  
  19  1:29  SCV  
  20  1:41  SCV  
  21  1:53  SCV  
  22  2:00  Marine  
  23  2:05  Bunker  
  23  2:06  Orbital Command  
  23  2:11  Orbital Command  
  23  2:14  Marine  
  24  2:18  Supply Depot, Marine  
  25  2:27  Refinery  
  25  2:29  Refinery  
  25  2:33  SCV  
  25  2:36  Marine  
  25  2:37  Marine  
  27  2:41  SCV  
  29  2:45  SCV  
  30  2:53  SCV  
  30  2:54  Marine  
  30  2:57  SCV  
  33  3:04  Barracks Tech Lab  
  33  3:05  SCV  
  34  3:09  SCV  
  35  3:15  Command Center  
  35  3:17  SCV  
  35  3:18  Barracks Reactor  
  36  3:22  Engineering Bay  
  36  3:25  SCV  
  37  3:28  Stimpack, Marine  
  37  3:29  SCV  
  39  3:37  SCV  
  40  3:41  SCV  
  40  3:43  Barracks  
  40  3:47  Marauder  
  43  3:49  SCV  
  43  3:53  Supply Depot  
  43  3:54  Marine x2  
  46  3:57  Terran Infantry Weapons Level 1  
  46  4:01  Supply Depot  
  46  4:15  SCV x2, Marauder, Marine x2  
  52  4:17  Supply Depot  
  52  4:27  SCV, Orbital Command  
  52  4:29  Bunker  
  52  4:31  Barracks Tech Lab  
  53  4:32  Marine x2  
  53  4:35  SCV, Barracks  
  53  4:37  Marauder  
  58  4:38  Factory  
  58  4:44  SCV  
  59  4:47  SCV  
  59  4:50  Marine x2  
  59  4:52  Refinery x2  
  62  4:59  Marauder x2  
  66  5:02  SCV x3  
  69  5:09  Marine x2  
  71  5:14  SCV x2  
  71  5:21  SCV  
  74  5:23  Supply Depot  
  74  5:27  Marauder x2  
  74  5:28  Barracks Reactor, Marine x2  
  78  5:32  SCV  
  79  5:45  Supply Depot, Widow Mine  
  79  5:46  Starport  
  79  5:48  Marauder x2  
  79  5:49  Bunker  
  77  5:58  Marine x2  
  77  5:59  SCV  
  71  6:04  Bunker  
  71  6:06  Marine x2  
  71  6:10  Marauder x2  
  71  6:16  Widow Mine, Marine x2  
  55  6:31  Marauder x2  
  58  6:33  SCV x3  
  61  6:42  Marine x2  
  61  6:43  Concussive Shells, Marine x2  
  61  6:44  Combat Shields  
  61  6:45  SCV x3  
  61  6:47  Factory Reactor, Medivac  
  70  6:54  Marauder x2  
  74  6:57  SCV x3  
  74  6:59  Orbital Command  
  74  7:00  Marine x4  
  81  7:15  Marauder x2  
  85  7:23  Marine x3  
  85  7:24  Marine  
  89  7:31  Terran Infantry Armor Level 1  
  89  7:33  Medivac x2  
  89  7:34  Barracks  
  89  7:35  Factory Reactor  
  93  7:39  Marauder  
  93  7:40  Marauder  
  93  7:41  Marine x4  
  101  7:59  Marine x3  
  101  8:01  Marine, Marauder x2  
  101  8:03  Medivac x2  
  113  8:15  Widow Mine x2  
  117  8:21  Supply Depot  
  117  8:22  Supply Depot  
  117  8:33  Orbital Command  
  117  8:43  Marauder x2, Marine x3  
  124  8:57  Missile Turret  
  124  9:02  Marine x4  
  128  9:03  Widow Mine x2  
  128  9:05  Barracks Tech Lab  
  132  9:17  SCV  
  132  9:18  SCV x2, Supply Depot x2, Marauder x2  
  137  9:28  Marauder  
  133  9:34  Marine x4  
  133  9:37  Widow Mine x2  
  133  9:38  Medivac x2  
  129  9:39  Marauder  
  127  9:52  Marauder x2  
  127  9:54  Marine x4  
  127  9:57  Barracks  
  127  9:58  Barracks  
  127  9:59  Barracks  
  131  10:01  Marauder  
  131  10:02  SCV x3, Armory  
  131  10:05  Engineering Bay  
  136  10:12  Marine x2  
  136  10:13  Marauder x2  
  137  10:14  Command Center  
  137  10:16  Medivac x2, Widow Mine x2  
  134  10:28  Marauder  
  125  10:35  Marine x4, Marauder x2  
  128  10:39  Refinery  
  128  10:40  SCV x3  
  128  10:42  Refinery  
  128  10:44  Widow Mine  
  128  10:45  Widow Mine  
  128  10:46  Medivac x2  
  128  10:49  Barracks Reactor x2, Barracks Tech Lab  
  136  10:51  Marauder  
  136  10:52  SCV  
  136  10:56  Marauder  
  118  11:04  Marauder, Marine x2  
  118  11:05  Marine  
  118  11:06  Marine  
  120  11:12  Marauder  
  120  11:13  Widow Mine x2  
  120  11:16  Medivac  
  120  11:17  Marine  
  129  11:23  Marine, Marauder  
  129  11:24  Marine  
  133  11:26  Marauder  
  135  11:34  Marauder  
  135  11:36  Marauder, Marine x2  
  132  11:42  Widow Mine x2  
  132  11:44  Medivac  
  132  11:45  Marauder  
  132  11:46  Medivac, Marine x3  
  138  11:47  Marauder  
  136  11:55  Marine, Marauder  
  136  11:56  Marine x2  
  136  11:58  Marauder  
  141  12:01  Orbital Command  
  141  12:03  Marine  
  141  12:06  Marauder  
  138  12:09  Marauder  
  138  12:14  Marine x3  
Show
View Real Time Build Order
Export as new Build Order

Arthur Protoss 

Build Orders: 1 Gate Expand, Blink Stalkers 

Get SALT Encoding   

  12  0:00  Probe (Chrono Boost)  
  13  0:13  Pylon  
  13  0:17  Probe (Chrono Boost)  
  14  0:27  Probe (Chrono Boost)  
  15  0:33  Gateway  
  15  0:37  Probe (Chrono Boost)  
  16  0:47  Probe (Chrono Boost)  
  16  0:49  Assimilator  
  17  0:58  Probe (Chrono Boost)  
  18  1:08  Probe (Chrono Boost)  
  19  1:20  Nexus  
  19  1:22  Probe (Chrono Boost)  
  20  1:33  Cybernetics Core  
  20  1:34  Probe (Chrono Boost)  
  21  1:41  Assimilator  
  21  1:44  Probe (Chrono Boost)  
  22  1:54  Probe (Chrono Boost)  
  23  2:08  Pylon, Warp Gate (Chrono Boost)  
  23  2:26  Adept  
  23  2:27  Mothership Core  
  27  2:33  Probe  
  27  2:34  Pylon  
  28  2:43  Probe  
  28  2:48  Probe (Chrono Boost)  
  30  2:54  Probe (Chrono Boost), Adept  
  30  2:57  Twilight Council  
  33  2:59  Probe (Chrono Boost)  
  33  3:05  Probe (Chrono Boost)  
  35  3:10  Probe (Chrono Boost)  
  36  3:15  Probe (Chrono Boost)  
  36  3:16  Gateway  
  36  3:19  Gateway  
  37  3:20  Probe (Chrono Boost)  
  37  3:25  Probe (Chrono Boost)  
  37  3:27  Stalker  
  41  3:30  Probe (Chrono Boost)  
  41  3:31  Blink (Chrono Boost)  
  42  3:41  Probe x2 (Chrono Boost)  
  44  3:50  Probe, Pylon  
  44  3:52  Probe  
  46  3:56  Pylon  
  46  3:59  Gateway  
  46  4:07  Assimilator  
  46  4:09  Stalker  
  48  4:10  Stalker  
  48  4:13  Stalker  
  53  4:24  Probe  
  53  4:27  Gateway  
  53  4:30  Pylon  
  53  4:32  Pylon  
  53  4:38  Stalker x3  
  57  4:40  Probe  
  57  4:42  Probe  
  61  4:50  Probe  
  62  4:57  Stalker  
  63  5:01  Stalker  
  63  5:02  Stalker x2  
  63  5:06  Pylon  
  69  5:09  Pylon  
  69  5:22  Stalker  
  69  5:23  Stalker  
  69  5:24  Stalker  
  69  5:25  Stalker  
  77  5:31  Stalker  
  75  5:45  Pylon  
  75  5:46  Pylon  
  75  5:47  Adept x2  
  75  5:49  Adept x2  
  79  6:06  Stalker x2  
  79  6:07  Stalker  
  57  6:21  Stalker  
  57  6:22  Stalker  
  51  6:30  Stalker x3  
  57  6:33  Probe x2  
  57  6:37  Assimilator  
  59  6:45  Mothership Core (Chrono Boost), Probe (Chrono Boost)  
  62  6:56  Probe (Chrono Boost), Nexus  
  62  6:57  Pylon  
  63  7:04  Probe (Chrono Boost)  
  63  7:06  Sentry, Probe (Chrono Boost)  
  67  7:14  Probe (Chrono Boost)  
  68  7:16  Probe (Chrono Boost)  
  68  7:18  Adept  
  68  7:19  Adept x2  
  68  7:20  Adept  
  77  7:24  Probe (Chrono Boost)  
  77  7:26  Probe (Chrono Boost)  
  79  7:33  Pylon  
  79  7:34  Probe (Chrono Boost)  
  79  7:36  Probe (Chrono Boost), Pylon  
  81  7:37  Shield Upgrade  
  81  7:39  Sentry x2  
  81  7:42  Pylon  
  85  7:44  Probe (Chrono Boost)  
  85  7:46  Probe (Chrono Boost)  
  85  7:50  Gateway  
  87  7:52  Gateway  
  87  7:54  Probe (Chrono Boost)  
  87  7:55  Gateway  
  87  7:56  Probe (Chrono Boost)  
  89  7:58  Gateway  
  89  8:04  Probe (Chrono Boost)  
  90  8:06  Probe (Chrono Boost)  
  90  8:07  Robotics Facility  
  90  8:11  Probe (Chrono Boost), Pylon  
  92  8:14  Probe (Chrono Boost)  
  92  8:16  Adept  
  92  8:17  Adept  
  92  8:18  Probe (Chrono Boost)  
  98  8:27  Adept x2  
  98  8:28  Adept  
  104  8:34  Forge  
  104  8:37  Assimilator  
  104  8:41  Assimilator  
  104  8:51  Pylon  
  104  8:52  Pylon  
  104  8:58  Observer  
  104  9:00  Adept x4  
  104  9:01  Protoss Ground Weapons Level 1 (Chrono Boost)  
  113  9:02  Adept  
  113  9:03  Adept x3  
  113  9:07  Charge (Chrono Boost)  
  121  9:20  Templar Archives  
  121  9:21  Photon Cannon  
  107  9:32  Adept x6  
  107  9:33  Adept  
  107  9:37  Adept  
  87  9:52  Adept x2  
  85  9:53  Adept x4  
  85  9:54  Adept  
  85  9:57  Adept  
  99  10:05  Immortal (Chrono Boost)  
  76  10:21  Adept  
  76  10:22  Adept x7  
  78  10:39  Sentry  
  78  10:42  Mothership Core (Chrono Boost)  
  82  10:45  Immortal  
  82  10:46  Sentry x2  
  82  10:47  Zealot x3  
  96  10:51  Adept x2  
  84  11:08  Adept x4  
  74  11:12  Adept x4  
  70  11:29  High Templar x2  
  70  11:32  Zealot x2  
  76  11:33  Zealot  
  76  11:35  Zealot x3  
  63  11:53  Adept x3  
  61  11:55  Adept x2  
  61  11:56  Zealot  
  61  12:02  Zealot x2  
  61  12:18  Zealot x6  
  61  12:22  High Templar  
  61  12:23  High Templar  
  61  12:26  Archon  
Tags
 
Add a new tag
Caveats
  • Supply blocks, unpowered buildings, or Contaminate may cause inaccurate times.
  • Supply counts are checked every 10 seconds.